 Dungeon Crawl Stone Soup version 0.31-a0-1074-g0b22e4e0f1 (webtiles) character file.

Game seed: 11476408371687681621

1 bmb222 the Sneak (level 1, 0/18 HPs)
             Began as a Demonspawn Delver on Nov 30, 2023.
             Slain by an orc
             ... wielding a +0 flail
              (4 damage)
             ... on level 3 of the Dungeon.
             The game lasted 00:00:19 (83 turns).

bmb222 the Sneak (Demonspawn Delver)                  Turns: 83, Time: 00:00:19

Health: 0/18       AC:  3    Str: 12    XL:     1   Next: 16%
Magic:  1/1        EV: 11    Int: 11    God:
Gold:   6          SH:  0    Dex: 14    Spells: 0/0 levels left

rFire   . . .        a - +0 mace
rCold   . . .        (no shield)
rNeg    . . .        b - +0 leather armour
rPois   .            (no helmet)
rElec   .            (no cloak)
rCorr   .            (no gloves)
SInv    .            (no boots)
Will    .....        (no amulet)
Stlth   +++          (no ring)
HPRegen 0.23/turn    (no ring)
MPRegen 0.07/turn

%: no passive effects
@: no status effects
A: no striking features
a: no special abilities


You were on level 3 of the Dungeon.
You visited 1 branch of the dungeon, and saw 3 of its levels.

You collected 6 gold pieces.

Inventory:

Hand Weapons
 a - a +0 mace (weapon)
Armour
 b - a +0 leather armour (worn)
Wands
 g - a wand of digging (3)
Scrolls
 c - a scroll of fog
 d - a scroll of revelation
 e - a scroll of fear
Potions
 f - a potion of haste
 h - 2 potions of curing {unknown}


   Skills:
 + Level 3.0 Fighting
 + Level 1.7 Maces & Flails
 + Level 1.7 Dodging
 + Level 4.6 Stealth


You couldn't memorise any spells.
You didn't know any spells.
Your spell library was empty.

Dungeon Overview and Level Annotations

Branches:
Dungeon (5/15)
 Temple: D:4-7

Altars:


Message History

Found an escape hatch in the ceiling.
There is a stone staircase leading down here.
There is an escape hatch in the ceiling here.
A mysterious force pulls you upwards. The hatch slams shut behind you.
Found 6 gold pieces.
A goblin and an orc come into view.
Found a scroll labelled MAOGEKU RING.
You see here 6 gold pieces.
There are monsters nearby!
There are monsters nearby!
There are monsters nearby!
You now have 6 gold pieces.
The orc shouts!
The orc misses you.
You barely miss the orc. The orc hits you with a +0 flail.
You hit the orc.
The orc is lightly wounded.
The orc hits you but does no damage.
You closely miss the orc.
The orc is lightly wounded.
The goblin hits you but does no damage. The orc barely misses you.
The goblin hits you but does no damage. The orc closely misses you.
You hit the orc but do no damage.
The orc is lightly wounded.
The goblin hits you with a +0 dagger. The orc hits you with a +0 flail.
You sock the goblin!
You kill the goblin!
The orc closely misses you.
You completely miss the orc. The orc hits you but does no damage.
The orc closely misses you.
You hit the orc but do no damage. The orc hits you with a +0 flail.
You barely miss the orc. The orc hits you with a +0 flail.
You barely miss the orc. The orc hits you with a +0 flail.
* * * LOW HITPOINT WARNING * * *
The orc hits you with a +0 flail.
* * * LOW HITPOINT WARNING * * *
You closely miss the orc. The orc hits you but does no damage.
Unknown command.
The orc attacks as it pursues you! The orc hits you with a +0 flail.
You die...

#.##..#.#
#####.###.#o#
###...........#
............###...
...................
......).#######....
###.....# ..
#####o# #@# #.# #.#
#.# #.# ... ###


You could see an orc.

Vanquished Creatures
  A goblin (D:3)
1 creature vanquished.

Notes
Turn   | Place    | Note
-------+----------+-------------------------------------------
     0 | D:5      | bmb222 the Demonspawn Delver began the quest for the Orb.
     0 | D:5      | Reached XP level 1. HP: 18/18 MP: 1/1
    45 | D:4      | Noticed a scorpion
    83 | D:3      | Slain by an orc

Illustrated notes

Levels and vault maps discovered:
D:3:      kennysheep_goblin_castle, layout_loops_cross
D:4:      layout_basic, nicolae_ru_the_path_less_chosen, serial_shops,
          nicolae_shop_tiny_real_fake_doors
D:5:      layout_rooms, pdpol_wu_jian_five_deadly_venoms,
          minmay_temple_entry_large_hall, due_unseen_surprise, uniq_ijyb

Action                     || total
---------------------------++-------
  Melee: Mace              ||    10
 Armour: Leather armour    ||    13
  Dodge: Dodged            ||     5

Table legend: (Time is in decaauts)
 A = Elapsed time spent in this place.
 B = Non-inter-level travel time spent in this place.
 C = Inter-level travel time spent in this place.
 D = Time resting spent in this place.
 E = Time spent auto-exploring this place.
 F = Levels seen in this place.
 G = Mean time per level.
                   A        B        C        D        E       F      G
               +--------+--------+--------+--------+--------+-----+--------+
         Total |     85 |     85 |      0 |      0 |     29 |   3 |   28.3 |
       Dungeon |     85 |     85 |      0 |      0 |     29 |   3 |   28.3 |
               +--------+--------+--------+--------+--------+-----+--------+

Top non-repeatable levels by time:
     D:5: 45 daAuts
     D:3: 32 daAuts
     D:4: 8 daAuts
